 Dungeon Crawl Stone Soup version 0.17-a0-1805-g6093636 (webtiles) character file.

20 Kel the Sneak (level 2, 13/13 HPs)
             Began as a Spriggan Enchanter on Sept 12, 2015.
             Was a Follower of Ashenzari.
             Got out of the dungeon alive.
             The game lasted 00:03:35 (1403 turns).

Kel the Sneak (Spriggan Enchanter)                  Turns: 1403, Time: 00:03:35

Health: 13/13      AC:  3    Str:  4    XL:     2   Next: 58%
Magic:  6/6        EV: 18    Int: 16    God:    Ashenzari [*.....]
Gold:   69         SH:  0    Dex: 16    Spells: 1 memorised, 5 levels left

rFire  . . .     SeeInvis +     a - +1 dagger
rCold  . . .     Clarity  .     b - +1 robe
rNeg   . . .     SustAt   .     (shield restricted)
rPois  .         Gourm    .     (helmet restricted)
rElec  .         Spirit   .     (no cloak)
rCorr  .         Warding  .     (gloves unavailable)
rMut   .         Stasis   +     (boots unavailable)
MR     .....                    j - amulet of stasis
Stlth  +++.......               (no ring)
                                (no ring)

@: drained, very quick, not resistant to hostile enchantments, fairly stealthy
A: unfitting armour, see invisible, herbivore 3, speed 3, slow metabolism 2
a: Scrying, Renounce Religion


You escaped.
You worshipped Ashenzari.
Ashenzari was aware of your devotion.
You were not hungry.

You visited 1 branch of the dungeon, and saw 2 of its levels.

You collected 69 gold pieces.

Inventory:

Hand weapons
 a - a +1 dagger (weapon)
Armour
 b - a +1 robe (worn)
Jewellery
 j - an amulet of stasis (around neck)
Scrolls
 e - 3 scrolls of remove curse
 i - a scroll of identify {unknown}
 l - a scroll of random uselessness {unknown}
Potions
 g - a potion of brilliance {unknown}
 h - a potion of curing {unknown}
 k - a potion of agility
Books
 c - a book of Maledictions

   Spells                             Type                      Level
   a - Corona                         Hexes                        1
   b - Ensorcelled Hibernation        Hexes/Ice                    2
   c - Confuse                        Hexes                        3
   d - Tukima's Dance                 Hexes                        3
   e - Dazzling Spray                 Conjuration/Hexes            3
Comestibles
 d - a bread ration
 f - 9 fruits


   Skills:
 + Level 1.3(1.1) Short Blades
 + Level 3.1(2.8) Dodging
 + Level 4.9(4.7) Stealth
 + Level 2.9(2.7) Spellcasting
 + Level 4.1(3.9) Hexes


You had 5 spell levels left.
You knew the following spells:

 Your Spells              Type           Power        Failure   Level  Hunger
a - Corona                Hex            ##.....      4%          1    #......


Dungeon Overview and Level Annotations

Branches:
Dungeon (2/15)

Altars:
Ashenzari
Sif Muna


Innate Abilities, Weirdness & Mutations

You are tiny and cannot use many weapons and most armour.
You have supernaturally acute eyesight.
You are a herbivore.
You cover ground extremely quickly.
You need consume almost no food.


Message History

You kill the ball python!
You see here a meat ration.
(D) Dungeon
Where to? (Enter - D:1, ? - help)
You now have 69 gold pieces (gained 12).
Found 6 gold pieces.
There is a stone staircase leading up here.
You climb upwards.
There is a stone staircase leading down here.
(D) Dungeon
Where to? (Enter - D:1, ? - help)
Okay, then.
You see here a stone.
There is an open door here.
You open the door.
There is an open door here.
There is an open door here.
There is a staircase leading out of the dungeon here.
Are you sure you want to leave the Dungeon?
This will make you lose the game!
You have escaped!

.♣.♣.........
#.....# #....
.#...........
#.....# #.###
........#####
#.....# #.#
####..))#
###...### #.#
## #....#
#.......# #.#
.# #....#
#######+#.....#
#.# [# #....#
#.....'.'.....#
#.# .# #....#
#.##'##.#.....#
.# #...†#
#.#.@.#.###...#
.# #....###
#.#...#.# #...#
.# #..†...#
#.##+##.# ....+
.# ###....#
#.......##....#
.# #....#
##########.#...
.# #)...#
#.#.##. ##
#....# #.#.. #
##....###### #
#...........


There were no monsters in sight!

Vanquished Creatures
  A ball python (D:2)
  3 giant cockroaches
  2 hobgoblins (D:1)
  3 jackals (D:1)
  5 kobolds
  A bat (D:1)
  A giant newt (D:1)
  2 goblins
  A rat (D:1)
19 creatures vanquished.

Notes
Turn   | Place    | Note
--------------------------------------------------------------
     0 | D:1      | Kel the Spriggan Enchanter began the quest for the Orb.
     0 | D:1      | Reached XP level 1. HP: 9/9 MP: 5/5
   294 | D:1      | Reached XP level 2. HP: 11/13 MP: 6/6
  1307 | D:2      | Found a faded altar to an unknown god.
  1316 | D:2      | Became a worshipper of Ashenzari the Shackled
  1316 | D:2      | Acquired Ashenzari's first power
  1353 | D:2      | Found a deep blue altar of Sif Muna.
  1403 | D:$      | Got out of the dungeon alive.

Vault maps used:
D:1:      ncdulo_smallfort, serial_forest, infiniplex_forest_lined_corner,
          infiniplex_forest_clump_long, infiniplex_forest_clump_cross,
          infiniplex_forest_straight_1, infiniplex_forest_lined_1,
          infiniplex_forest_join
D:2:      grunt_temple_overflow_open, ecumenical_altar_1, uniq_natasha

Action                   || total
-------------------------++-------
Melee: Dagger            ||    71
 Stab: Sleeping          ||     4
